 Dungeon Crawl Stone Soup version 0.30-a0-373-gd37427bb62 (webtiles) character file.

Game seed: 13173874482726634188

2743 Elric the Destroyer (level 9, -13/64 HPs)
             Began as an Octopode Conjurer on Nov 23, 2022.
             Shot with a bolt by an orc warrior (14 damage)
             ... in a bailey on Nov 24, 2022.
             The game lasted 00:17:29 (10049 turns).

Elric the Destroyer (Octopode Conjurer)            Turns: 10049, Time: 00:17:30

Health: -13/64     AC:  1    Str:  7    XL:     9   Next: 68%
Magic:  19/19      EV: 13    Int: 30    God:
Gold:   345        SH:  5    Dex: 13    Spells: 8/22 levels left

rFire   . . .      SeeInvis .    u - +2 spear (freeze)
rCold   + . .      Faith    .    (no shield)
rNeg    + . .      Spirit   .    (helmet restricted)
rPois   .          Reflect  +    D - amulet "Vusyheja" {Reflect rC+ SH+5}
rElec   .          Harm     .    k - ring of ice
rCorr   .          Rampage  .    p - ring of fire
Will    .....                    A - ring of Quockuts {rN+ Int+6 Dex+3}
Stlth   ++++......               (no ring)
HPRegen 0.30/turn                (no ring)
MPRegen 0.16/turn                (no ring)
                                 (no ring)
                                 (no ring)

@: no status effects
A: almost no armour, amphibious, 8 rings, camouflage 1, gelatinous body 1,
nimble swimmer 1, tentacles
a: no special abilities


You were in a bailey.
You visited 1 branch of the dungeon, and saw 7 of its levels.
You also visited: Bailey.

You collected 485 gold pieces.
You spent 140 gold pieces at shops.

Inventory:

Hand Weapons
 n - a +1 whip of freezing
 u - a +2 spear of freezing (weapon)
Missiles
 c - 3 curare-tipped darts
 j - 8 boomerangs
 o - 20 poisoned darts
 C - a throwing net
Jewellery
 k - a ring of ice (left tentacle)
 p - a ring of fire (right tentacle)
 A - the ring of Quockuts (on tentacle) {rN+ Int+6 Dex+3}
   (You found it on level 5 of the Dungeon)

   [ring of intelligence]

   Int:       It affects your intelligence (+6).
   Dex:       It affects your dexterity (+3).
   rN:        It protects you from negative energy.
 D - the amulet "Vusyheja" (around mantle) {Reflect rC+ SH+5}
   (You bought it in a shop on level 6 of the Dungeon)

   [amulet of reflection]

   It reflects blocked missile attacks.
   rC:        It protects you from cold.
   SH:        It affects your SH (+5).
Wands
 G - a wand of flame (21)
Scrolls
 b - 2 scrolls of noise {unknown}
 e - a scroll of fog
 g - 5 scrolls of identify {unknown}
 h - 2 scrolls of blinking {unknown}
 i - 3 scrolls of enchant weapon {unknown}
 m - 2 scrolls of magic mapping {unknown}
 r - 2 scrolls of vulnerability {unknown}
 x - a scroll of enchant armour {unknown}
 y - 2 scrolls of teleportation {unknown}
Potions
 d - 5 potions of heal wounds
 f - 2 potions of might {unknown}
 l - a potion of resistance {unknown}
 q - 3 potions of invisibility {unknown}
 s - 2 potions of haste {unknown}
 t - a potion of lignification {unknown}
 v - a potion of ambrosia {unknown}
 w - 4 potions of curing {unknown}
 z - 2 potions of degeneration {unknown}
 B - a potion of brilliance {unknown}
 E - a potion of berserk rage {unknown}
 F - a potion of cancellation {unknown}


   Skills:
 + Level 7.0 Fighting
 - Level 2.8 Dodging
 - Level 3.8 Stealth
 + Level 7.0 Spellcasting
 + Level 8.4 Conjurations


You had 8 spell levels left.
You knew the following spells:

 Your Spells              Type           Power      Damage    Failure   Level
a - Magic Dart            Conj           100%       1d8       1%          1
b - Searing Ray           Conj           100%       2d8       1%          2
c - Fulminant Prism       Conj/Hex       18%        3d11      9%          4
d - Iskenderun's Mystic   Conj/Tloc      36%        2d9       9%          4
e - Tukima's Dance        Hex            10%        N/A       14%         3

Your spell library contained the following spells:

 Spells                   Type           Power      Damage    Failure   Level
 Dazzling Flash           Conj/Hex       72%        N/A       2%          3
 Apportation              Tloc           20%        N/A       4%          1
 Necrotise                Necr           40%        1d6       4%          1
 Sting                    Tmut/Pois      40%        1d5       4%          1
 Summon Small Mammal      Summ           40%        N/A       4%          1
 Poisonous Vapours        Pois/Air       20%        N/A       7%          2
 Portal Projectile        Hex/Tloc       20%        N/A       14%         3
 Olgreb's Toxic Radiance  Pois           10%        N/A       43%         4
 Blade Hands              Tmut           5%         N/A       78%         5


Dungeon Overview and Level Annotations

Branches:
Dungeon (7/15)             Temple (0/1) D:5          Bailey (1/1)

Altars:
Fedhas

Shops:
D:2 (   D:4 [   D:6 [[*((

Annotations:
D:3 3 runed translucent doors, Odexios's ghost, amateur OpSu
D:4 2 transporters, Thargor's ghost, amateur MiFi


Innate Abilities, Weirdness & Mutations

You cannot wear most types of armour.
You are amphibious.
You can wear up to eight rings at the same time.
Your skin changes colour to match your surroundings (Stealth+).
Your rubbery body absorbs attacks. (AC +1, EV +1)
You are camouflaged when in or above water. (Stealth+)
You have tentacles for arms and can constrict up to eight enemies at once.


Message History

An orc comes into view. It is wielding a +0 arbalest.
Casting: Magic Dart (safe; 1% risk of failure)
Confirm with . or Enter, or press ? or * to list all spells.
Aiming: Magic Dart (safe; 1% risk of failure)
Press: ? - help, Shift-Dir - straight line, f - orc
Aim: an orc, wielding a +0 arbalest and wearing a +0 scale mail (100% to hit)
The magic dart hits the orc.
The orc is moderately wounded.
The orc shoots a bolt.
The bolt closely misses you.
The orc shoots a bolt.
You reflect the bolt off an invisible shield around you!
The bolt hits the orc but does no damage.
Magic courses through your body.
The orc shoots a bolt.
The bolt hits you!
Casting: Magic Dart (safe; 1% risk of failure)
Confirm with . or Enter, or press ? or * to list all spells.
Aiming: Magic Dart (safe; 1% risk of failure)
Press: ? - help, Shift-Dir - straight line, f/p - orc
Aim: an orc, wielding a +0 arbalest and wearing a +0 scale mail (moderately wounded, 100% to hit)
The magic dart hits the orc.
The orc is severely wounded.
An orc comes into view. It is wielding a +0 arbalest.
The orc shoots a bolt.
The bolt hits you!
The orc shoots a bolt.
The bolt hits you.
The orc shoots a bolt.
The bolt hits you!
The orc shoots a bolt.
The bolt closely misses you.
The orc shoots a bolt.
The bolt hits you!
* * * LOW HITPOINT WARNING * * *
The orc shoots a bolt.
The bolt barely misses you.
The orc shoots a bolt.
The bolt hits you.
* * * LOW HITPOINT WARNING * * *
You hear a shout!
As you read the scroll labelled WYCSASM SOGE, it crumbles to dust.
The scroll dissolves into smoke.
It was a scroll of fog.
The orc shoots a bolt.
The bolt closely misses you.
The orc shoots a bolt.
The bolt hits you.
* * * LOW HITPOINT WARNING * * *
The orc shoots a bolt.
The bolt barely misses you.
The orc shoots a bolt.
The bolt hits you.
* * * LOW HITPOINT WARNING * * *
An orc comes into view. It is wielding a +0 arbalest.
The orc warrior shoots a bolt.
The bolt hits you!
You die...

#.....~~~~~~~#
#.....~~~~~~~#
#....o~~~~~~~~
#..o..~~~~~~~~##
#.....~~~~~~~~~##
#....§§§≈o≈≈≈~~~####
#....§§§#.##≈~~~~~~#
#....§§##.∩#≈~~~~~~~
#....§@#....o~~~~~~~
#....§§##.##≈o~~~~~~
#.....≈≈###≈≈~~~~~~)
#.....~≈≈≈≈≈)~o~~o~~
#.......)o.)........
#...................
#.∩.................
#∩..................
####################


You could see 2 orc warriors and 2 orcs.

Vanquished Creatures
  A troll (D:6)
  Sigmund (D:2)
  Edmund (D:5)
  2 orc warriors (Bailey)
  2 black bears (D:5)
  An ice beast (D:5)
  A centaur (D:6)
  4 ogres
  A phantom (D:5)
  A necrophage (D:5)
  A bullfrog (D:5)
  3 scorpions
  8 wights
  A howler monkey (D:6)
  4 hounds
  2 jellies
  2 iguanas
  3 orc wizards
  Robin (D:3)
  10 adders
  A shadow imp (D:6)
  3 white imps
  2 ufetubi
  2 worms (D:3)
  5 dart slugs
  12 orcs
  6 ball pythons
  6 bats
  8 endoplasms
  A giant cockroach (D:2)
  9 hobgoblins
  3 jackals
  8 kobolds
  3 quokkas
  2 frilled lizards
  16 goblins
  4 rats (D:1)
141 creatures vanquished.

Vanquished Creatures (others)
  4 fulminant prisms (Bailey)
4 creatures vanquished.

Grand Total: 145 creatures vanquished

Notes
Turn   | Place    | Note
-------+----------+-------------------------------------------
     0 | D:1      | Elric the Octopode Conjurer began the quest for the Orb.
     0 | D:1      | Reached XP level 1. HP: 11/11 MP: 3/3
   239 | D:1      | Found a faded altar of an unknown god.
   289 | D:1      | Reached XP level 2. HP: 17/17 MP: 3/5
   951 | D:1      | Reached XP level 3. HP: 21/21 MP: 4/6
  2790 | D:2      | Found Nongyf's Antique Weapon Boutique.
  2803 | D:2      | Reached XP level 4. HP: 27/27 MP: 2/7
  3104 | D:2      | Noticed Sigmund
  3181 | D:3      | Learned a level 2 spell: Searing Ray
  3337 | D:3      | Found a runed translucent gate.
  3337 | D:3      | Found a runed translucent gate.
  3337 | D:3      | Found a runed translucent gate.
  3416 | D:3      | Noticed Robin
  3542 | D:3      | Killed Robin
  3621 | D:3      | Reached XP level 5. HP: 32/32 MP: 6/9
  3622 | D:3      | Reached skill level 1 in Fighting
  3691 | D:3      | Noticed Odexios's ghost (amateur OpSu)
  4346 | D:4      | Found Asafoor's Antique Armour Boutique.
  4373 | D:4      | Noticed an ogre
  4382 | D:4      | Killed an ogre
  4383 | D:4      | Reached skill level 5 in Conjurations
  4383 | D:4      | Reached XP level 6. HP: 39/39 MP: 3/11
  5235 | D:4      | Found a blossoming altar of Fedhas.
  5328 | D:4      | Found a transporter.
  5333 | D:4      | Found a transporter.
  5352 | D:4      | Noticed Thargor's ghost (amateur MiFi)
  5409 | D:4      | Reached XP level 7. HP: 46/46 MP: 4/13
  6169 | D:5      | Entered Level 5 of the Dungeon
  6371 | D:5      | Reached skill level 6 in Conjurations
  6665 | D:5      | Reached XP level 8. HP: 54/54 MP: 10/15
  6707 | D:5      | Learned a level 4 spell: Fulminant Prism
  6712 | D:5      | Learned a level 4 spell: Iskenderun's Mystic Blast
  6716 | D:5      | Learned a level 3 spell: Tukima's Dance
  6819 | D:5      | Reached skill level 5 in Spellcasting
  7336 | D:5      | Reached skill level 5 in Fighting
  7426 | D:5      | Found a staircase to the Ecumenical Temple.
  7453 | D:5      | Noticed Edmund
  7464 | D:5      | Killed Edmund
  7465 | D:5      | Reached skill level 7 in Conjurations
  7474 | D:5      | Identified the ring of Quockuts {rN+ Int+6 Dex+3}
  7857 | D:2      | Killed Sigmund
  8262 | D:6      | Reached XP level 9. HP: 36/62 MP: 11/18
  8613 | D:6      | Upgraded the game from 0.30-a0-372-g0ce2686038 to
                  | 0.30-a0-373-gd37427bb62
  8698 | D:6      | Found Ribayngi's Armour Emporium.
  8795 | D:6      | Found Akhuogau's Assorted Antiques.
  8926 | D:6      | Noticed a troll
  9186 | D:6      | Found Miemar's Antique Armour Shoppe.
  9212 | D:6      | Reached skill level 8 in Conjurations
  9258 | D:6      | Found Kulo's Weapon Emporium.
  9304 | D:6      | Killed a troll
  9506 | D:6      | Found Wupucomo's Antique Weapon Boutique.
  9596 | D:6      | Bought a brightly glowing jade amulet for 140 gold pieces
  9596 | D:6      | Identified the amulet "Vusyheja" {Reflect rC+ SH+5} (You
                  | bought it in a shop on level 6 of the Dungeon)
  9950 | D:7      | Found a flagged portal.
  9988 | Bailey   | Entered a bailey
 10048 | Bailey   | HP: 1/64 [orc/bolt (5)]
 10049 | Bailey   | Shot with a bolt by an orc warrior

Illustrated notes

Levels and vault maps discovered:
D:1:      saegor_arrival_simple_c, layout_basic,
          shapermc_ecumenical_altar_totnotflames
D:2:      layout_rooms, serial_shops, nicolae_shop_waterfront, uniq_sigmund
D:3:      layout_rooms, gammafunk_ghost_necromancy, kennysheep_generic_room_7,
          uniq_robin
D:4:      layout_basic, lemuel_tele_altar, serial_shops, nicolae_shop_crystal,
          gammafunk_ghost_stat_death
D:5:      layout_gridville, temple_hall, kennysheep_generic_room_2, uniq_edmund
D:6:      layout_cave_pools, serial_shops, shop, kennysheep_mini, shop,
          nicolae_shop_stone, nicolae_shop_behind_doors,
          hangedman_decor_diamond_cutter
D:7:      layout_loops_cross, grunt_temple_overflow_lords_of_destruction,
          enter_bailey_2
Bailey:   bailey_polearm_2, bailey

Skill      XL: |  1  2  3  4  5  6  7  8  9 |
---------------+----------------------------+-----
Stealth        | 3 |  3.8
Fighting       | 2 3 4 5 7 |  7.0
Spellcasting   | 3 4 6 7 |  7.0
Conjurations   | 5 6 7 8 |  8.4
Dodging        | |  2.8

Action                   |  1- 3 |  4- 6 |  7- 9 || total
-------------------------+-------+-------+-------++-------
Melee: Whip              |    11 |    12 |       ||    23
       Constrict         |     3 |     5 |     4 ||    12
       Tentacles         |     1 |     2 |     6 ||     9
       Spear             |       |       |    23 ||    23
Throw: Dart              |       |     1 |     5 ||     6
 Cast: Magic Dart        |    76 |    83 |   100 ||   259
       Searing Ray       |       |    20 |    46 ||    66
       Fulminant Prism   |       |       |     4 ||     4
  Use: Scroll            |       |       |     1 ||     1
       Potion            |       |       |     1 ||     1
 Stab: Sleeping          |       |       |     1 ||     1
Armor: Skin              |     4 |     2 |     6 ||    12
Dodge: Dodged            |    27 |    24 |    75 ||   126
Block: Other             |       |       |     8 ||     8
       Reflection        |       |       |     8 ||     8

Table legend: (Time is in decaauts)
 A = Elapsed time spent in this place.
 B = Non-inter-level travel time spent in this place.
 C = Inter-level travel time spent in this place.
 D = Time resting spent in this place.
 E = Time spent auto-exploring this place.
 F = Levels seen in this place.
 G = Mean time per level.
                   A        B        C        D        E       F      G
               +--------+--------+--------+--------+--------+-----+--------+
         Total |  10063 |   9442 |    621 |   2803 |   5655 |   8 | 1257.9 |
       Dungeon |  10002 |   9381 |    621 |   2803 |   5655 |   7 | 1428.9 |
        Bailey |     60 |     60 |      0 |      0 |      0 |   1 |   60.0 |
               +--------+--------+--------+--------+--------+-----+--------+

Top non-repeatable levels by time:
     D:2: 2086 daAuts
     D:5: 2073 daAuts
     D:3: 1655 daAuts
     D:1: 1470 daAuts
     D:4: 1310 daAuts
     D:6: 1253 daAuts
     D:7: 151 daAuts
  Bailey: 60 daAuts
